 Dungeon Crawl Stone Soup version 0.18-a0-888-gdb73dea (webtiles) character file.

180596 Duffy the Spry (level 17, -3/129 HPs)
             Began as a High Elf Gladiator on Dec 23, 2015.
             Was the Champion of Cheibriados.
             Drowned by a drowned soul (12 damage)
             ... summoned by a merfolk avatar
             ... on level 2 of the Shoals.
             The game lasted 01:15:37 (38837 turns).

Duffy the Spry (High Elf Gladiator)                Turns: 38837, Time: 01:15:37

Health: -3/129     AC: 27    Str: 30    XL:     17   Next: 65%
Magic:  8/8        EV: 28    Int: 33    God:    Cheibriados [******]
Gold:   2003       SH:  0    Dex: 41    Spells: 0 memorised, 16 levels left

rFire  . . .     SeeInvis .     a - +10 quarterstaff "Xaplodunk" {antimagic, Int+4}
rCold  . . .     Gourm    .     f - +3 plate armour {rN+}
rNeg   + . .     Faith    +     (shield currently unavailable)
rPois  .         Spirit   .     s - +2 helmet "Seax" {rCorr Dex+2}
rElec  .         Dismiss  .     C - +0 cloak
rCorr  +         Reflect  .     z - +0 pair of gloves {Dex+3}
SustAt .         Harm     .     q - +0 pair of boots
MR     +....                    W - amulet of faith
Stlth  ..........               y - +2 ring of slaying
                                h - +5 ring of slaying

@: mesmerised, very slow, somewhat resistant to hostile enchantments, extremely
unstealthy
A: no striking features
a: Bend Time, Temporal Distortion, Slouch, Step From Time, Renounce Religion


You were on level 2 of the Shoals.
You worshipped Cheibriados.
Cheibriados was exalted by your worship.
You were not hungry.

You visited 5 branches of the dungeon, and saw 28 of its levels.
You also visited: Bailey and Ice Cave.

You collected 2791 gold pieces.
You spent 788 gold pieces at shops.


   Skills:
 + Level 15.9 Fighting
 - Level 14.0 Staves
 - Level 2.0 Throwing
 + Level 12.7 Armour
 + Level 17.1 Dodging
 - Level 8.0 Invocations


You had 16 spell levels left.
You didn't know any spells.

Inventory:

Hand Weapons
 a - the +10 quarterstaff "Xaplodunk" (weapon) {antimagic, Int+4}

   It disrupts the flow of magical energy around spellcasters and certain
   magical creatures (including the wielder).
   It affects your intelligence (+4).
 b - a +0 blowgun
Missiles
 d - 5 throwing nets (quivered)
 p - 129 poisoned needles
Armour
 f - a +3 plate armour of positive energy (worn)
 q - a +0 pair of boots (worn)
 s - the +2 helmet "Seax" (worn) {rCorr Dex+2}

   It affects your dexterity (+2).
   It protects you from acid and corrosion.
 z - a +0 pair of gloves of dexterity (worn)
 C - a +0 cloak (worn)
Jewellery
 h - a +5 ring of slaying (left hand)
 m - an uncursed ring of protection from fire
 y - a +2 ring of slaying (right hand)
 P - a +1 ring of slaying
 S - an uncursed ring of ice
 W - an amulet of faith (around neck)
Wands
 c - a wand of invisibility (4/9)
 r - a wand of teleportation (4/9)
 I - a wand of disintegration (17/24)
 L - a wand of digging (1/24)
 X - a wand of teleportation (5/9)
Scrolls
 e - 2 scrolls of magic mapping
 g - 9 scrolls of blinking
 i - 6 scrolls of fog
 k - 3 scrolls of enchant weapon
 l - 5 scrolls of fear
 v - 13 scrolls of remove curse
 w - a scroll of holy word
 x - 3 scrolls of teleportation
 A - a scroll of silence
 D - a scroll of amnesia
 E - 2 scrolls of immolation
 G - 7 scrolls of recharging
 Q - a scroll of vulnerability
 R - 3 scrolls of summoning
Potions
 j - 5 potions of agility
 o - 8 potions of curing
 t - a potion of resistance
 u - 6 potions of heal wounds
 J - 4 potions of magic
 K - 4 potions of cancellation
 N - 5 potions of lignification
 O - a potion of flight
 U - 4 potions of brilliance
 V - 3 potions of might
 Z - 2 potions of invisibility
Comestibles
 n - 2 meat rations
 B - a royal jelly
 F - 5 beef jerkies
 H - 2 chunks of flesh
 M - 2 slices of pizza
 T - 14 fruits

Dungeon Overview and Level Annotations

Branches:
Dungeon (15/15)            Temple (1/1) D:5            Lair (8/8) D:11
 Shoals (2/4) Lair:4        Snake (0/4) Lair:3          Orc (2/2) D:9
    Elf (0/3) Orc:2        Vaults (0/5) D:13         Depths (0/5) D:15
  Slime: Lair:6-8

Altars:
Ashenzari
Cheibriados
Dithmenos
Elyvilon
Fedhas
Gozag
Kikubaaqudgha
Makhleb
Nemelex Xobeh
Okawaru
Pakellas
Qazlal
Ru
Sif Muna
Trog
Vehumet
Xom
Yredelemnul
Zin
The Shining One
Beogh

Shops:
D:10 !   Orc:2 }?(?}***

Annotations:
D:3 PeterLawrence's ghost, weakling GrFi
D:5 Eustachio
Lair:5 exclusion: 4 oklob plants
Lair:6 exclusion: 2 upstairs
Lair:8 exclusion: oklob plant


Message History

Cheibriados thoroughly appreciates the change of pace.
You cannot move away from the merfolk avatar!
You cannot move away from the merfolk avatar!
You cannot move away from the merfolk avatar!
The merfolk avatar chants its luring song. x2
The drowned soul touches you. The drowned soul drowns you!
The merfolk avatar chants its luring song.
The drowned soul touches you. The drowned soul drowns you!
The merfolk avatar chants its luring song.
You enter the shallow water.
Moving in this stuff is going to be slow.
The merfolk avatar chants its luring song. x3
You hammer the drowned soul like a gong!!!
You destroy the drowned soul!
The drowned soul touches you. The drowned soul drowns you!
The merfolk avatar chants its luring song.
The drowned soul touches you. The drowned soul drowns you!
The merfolk avatar chants its luring song.
The drowned soul touches you. The drowned soul drowns you!
The merfolk avatar chants its luring song.
The merfolk avatar chants its luring song.
The drowned soul touches you. The drowned soul drowns you!
The merfolk avatar chants its luring song. x3
The merfolk avatar chants its luring song. x3
The drowned soul touches you. The drowned soul drowns you!
Your unstable footing causes you to fumble your attack.
You crush the merfolk avatar like a grape!!!
The merfolk avatar's magic leaks into the air.
The merfolk avatar is heavily wounded.
The merfolk avatar falters for a moment.
You barely miss the merfolk avatar.
The merfolk avatar is heavily wounded.
The merfolk avatar falters for a moment.
The drowned soul touches you. The drowned soul drowns you!
You die...

..~~~~~~~~~~
#.~~.~~~~~~~~
#.~~~~~~..~~~
##~~~~~~...~~~~~~~~~~~
###.~~~~~.~~.~~~~~~~~~~~
#....~WW~~..~~~~~~~~~~~~
#..~~~m~~....~~~~~~~~~~
#..~W@~......~~~~~~~~~
##...~~~.......~~~~~~~
##...~~~......~<...~~
##...~~..##.~..~.<.~~
.##...~~...!#..~.~..~~~
.....~~~............~~~
~.........~....##....~~
~~..##......~.....#.....~
.~~.#
###%...~~........~~~


You could see a merfolk avatar and 3 drowned souls.

Action                   |  1- 3 |  4- 6 |  7- 9 | 10-12 | 13-15 | 16-18 || total
-------------------------+-------+-------+-------+-------+-------+-------++-------
Melee: Quarterstaff      |    76 |   276 |   514 |   685 |  1716 |   530 ||  3797
 Fire: Blowgun           |       |       |    37 |     9 |       |       ||    46
Throw: Throwing net      |       |       |     1 |       |       |       ||     1
Invok: Slouch            |       |       |       |     3 |       |       ||     3
  Use: Potion            |       |     1 |     1 |     1 |     3 |     1 ||     7
       Scroll            |       |     6 |     7 |    10 |    10 |    10 ||    43
 Stab: Held in net/web   |       |       |     1 |       |       |       ||     1
       Distracted        |       |       |     2 |     1 |       |       ||     3
       Paralysed         |       |       |     1 |       |       |       ||     1
       Sleeping          |       |       |       |     7 |       |       ||     7
  Eat: Chunk             |       |     9 |    13 |    18 |    26 |    10 ||    76

Notes
Turn   | Place    | Note
--------------------------------------------------------------
     0 | D:1      | Duffy the High Elf Gladiator began the quest for the Orb.
     0 | D:1      | Reached XP level 1. HP: 14/14 MP: 2/2
   250 | D:1      | Reached XP level 2. HP: 19/19 MP: 3/3
   347 | D:1      | Reached skill level 4 in Staves
   676 | D:2      | Noticed Sigmund
   686 | D:2      | Killed Sigmund
   686 | D:2      | Reached skill level 6 in Staves
   686 | D:2      | Reached XP level 3. HP: 11/24 MP: 4/4
   686 | D:2      | Reached XP level 4. HP: 13/29 MP: 5/5
   686 | D:2      | Reached XP level 5. HP: 15/34 MP: 6/6
  1554 | D:2      | Noticed Jessica
  1567 | D:2      | Killed Jessica
  1613 | D:2      | Noticed Robin
  1938 | D:2      | Killed Robin
  2154 | D:2      | Reached XP level 6. HP: 39/39 MP: 7/7
  2289 | D:3      | Found a shattered altar of Ashenzari.
  2304 | D:3      | Reached skill level 7 in Staves
  2338 | D:3      | Noticed PeterLawrence's ghost (weakling GrFi)
  2713 | D:3      | Found a shimmering altar of Xom.
  3593 | D:4      | Noticed Duffy's ghost (amateur HESk)
  3622 | D:4      | Killed Duffy's ghost
  3622 | D:4      | Reached skill level 3 in Fighting
  3622 | D:4      | Reached skill level 4 in Dodging
  3622 | D:4      | Reached XP level 7. HP: 31/46 MP: 8/8
  3726 | D:4      | Got an encrusted helmet
  3737 | D:4      | Identified the +2 helmet "Seax" {rCorr Dex+2} (You found it on level 4 of the Dungeon)
  4347 | D:4      | Reached skill level 8 in Staves
  4748 | D:5      | Entered Level 5 of the Dungeon
  4907 | D:5      | Reached skill level 4 in Fighting
  4987 | D:5      | Reached XP level 8. HP: 47/54 MP: 9/9
  5071 | D:5      | Found a staircase to the Ecumenical Temple.
  5080 | Temple   | Entered the Ecumenical Temple
  5173 | Temple   | Became a worshipper of Cheibriados the Contemplative
  5205 | D:5      | Reached skill level 5 in Dodging
  5753 | D:5      | Reached skill level 9 in Staves
  6178 | D:5      | Reached * piety under Cheibriados
  6235 | D:6      | Noticed Eustachio
  6455 | D:5      | Reached skill level 5 in Fighting
  6482 | D:6      | Found a shimmering altar of Xom.
  6573 | D:6      | Noticed Grinder
  6574 | D:6      | Paralysed by Grinder for 7 turns
  6587 | D:6      | Killed Grinder
  6587 | D:6      | Reached skill level 6 in Dodging
  7149 | D:6      | Reached XP level 9. HP: 32/61 MP: 10/10
  7412 | D:6      | Reached skill level 10 in Staves
  7517 | D:6      | Reached ** piety under Cheibriados
  8320 | D:7      | Reached skill level 6 in Fighting
  8320 | D:7      | Reached skill level 7 in Dodging
  8456 | D:7      | Reached skill level 11 in Staves
  8668 | D:7      | Reached *** piety under Cheibriados
  8808 | D:7      | Found a bloodstained altar of Trog.
  8808 | D:7      | Found a stormy altar of Qazlal.
  8827 | D:7      | Found a glowing golden altar of the Shining One.
  8859 | D:7      | Found an oddly glowing altar of Pakellas.
  9016 | D:8      | Found a sacrificial altar of Ru.
  9062 | D:8      | Found a snail-covered altar of Cheibriados.
  9229 | D:8      | Reached XP level 10. HP: 59/69 MP: 11/11
  9274 | D:8      | Reached skill level 7 in Fighting
  9292 | D:8      | Got an uncursed crude quarterstaff {antimagic}
  9293 | D:8      | Identified the +10 quarterstaff "Xaplodunk" {antimagic, Int+4} (You took it off a centaur on level 8 of the Dungeon)
  9308 | D:8      | Found a shadowy altar of Dithmenos.
  9724 | D:9      | Reached **** piety under Cheibriados
  9766 | D:9      | Reached skill level 8 in Dodging
  9855 | D:9      | Found a blossoming altar of Fedhas.
  9870 | D:9      | Noticed a deep elf mage
  9874 | D:9      | Killed a deep elf mage
 10030 | D:9      | Found a roughly hewn altar of Beogh.
 10032 | D:9      | Found a staircase to the Orcish Mines.
 10064 | D:9      | Reached skill level 12 in Staves
 10064 | D:9      | Reached skill level 1 in Invocations
 10111 | D:9      | Reached ***** piety under Cheibriados
 10178 | D:9      | Reached skill level 8 in Fighting
 10178 | D:9      | Reached skill level 2 in Invocations
 10742 | D:9      | Paralysed by a wasp for 2 turns
 10791 | D:10     | Entered Level 10 of the Dungeon
 10802 | D:10     | Reached skill level 3 in Invocations
 10996 | D:10     | Found Oculaudgh's Distillery.
 11000 | D:10     | Bought a potion of mutation for 37 gold pieces
 11000 | D:10     | Bought a potion of lignification for 45 gold pieces
 11181 | D:10     | Noticed a brown ugly thing
 11264 | D:10     | Killed a brown ugly thing
 11264 | D:10     | Reached skill level 4 in Invocations
 11264 | D:10     | Reached XP level 11. HP: 63/78 MP: 5/15
 11317 | D:10     | Noticed a hill giant
 11326 | D:10     | Killed a hill giant
 11652 | D:10     | Found a white marble altar of Elyvilon.
 11674 | D:10     | Reached skill level 13 in Staves
 12111 | D:11     | Found a staircase to the Lair.
 12120 | Lair:1   | Entered Level 1 of the Lair of Beasts
 12336 | D:11     | Found a shattered altar of Ashenzari.
 12500 | D:11     | Reached skill level 9 in Fighting
 12525 | D:11     | Reached ****** piety under Cheibriados
 12528 | D:11     | Reached skill level 5 in Invocations
 12574 | D:11     | Noticed a tengu warrior
 12583 | D:11     | Killed a tengu warrior
 13820 | Lair:1   | Noticed a seven-headed hydra
 13833 | Lair:1   | Reached skill level 14 in Staves
 13837 | Lair:1   | Reached skill level 6 in Invocations
 13862 | Lair:1   | Killed a seven-headed hydra
 14159 | Lair:1   | Reached skill level 7 in Invocations
 14806 | Lair:2   | Noticed kroki's ghost (journeyman KoBe)
 14817 | Lair:2   | Killed kroki's ghost
 14817 | Lair:2   | Reached skill level 8 in Invocations
 14817 | Lair:2   | Reached XP level 12. HP: 75/86 MP: 5/19
 15106 | Lair:2   | Reached skill level 1 in Armour
 15293 | Lair:2   | Noticed a six-headed hydra
 15305 | Lair:2   | Killed a six-headed hydra
 15305 | Lair:2   | Reached skill level 2 in Armour
 15910 | Lair:2   | Reached skill level 9 in Dodging
 16388 | Lair:3   | Reached skill level 10 in Fighting
 16401 | Lair:3   | Reached skill level 3 in Armour
 16808 | Lair:3   | Found a staircase to the Snake Pit.
 17593 | Lair:3   | Reached skill level 4 in Armour
 17999 | Lair:4   | Reached skill level 10 in Dodging
 18154 | Lair:4   | Found a staircase to the Shoals.
 18560 | Lair:4   | Reached skill level 5 in Armour
 18597 | Lair:4   | Reached skill level 11 in Fighting
 18735 | Lair:4   | Reached XP level 13. HP: 95/95 MP: 1/20
 19313 | Lair:4   | Reached skill level 6 in Armour
 19313 | Lair:4   | Reached skill level 11 in Dodging
 20542 | Lair:5   | Noticed Duffy's ghost (journeyman VSFi)
 20569 | Lair:5   | Killed Duffy's ghost
 21312 | Lair:5   | Reached skill level 7 in Armour
 21322 | Lair:5   | Reached skill level 12 in Fighting
 22159 | Lair:6   | Reached skill level 12 in Dodging
 23205 | Lair:6   | Reached skill level 8 in Armour
 23385 | Lair:6   | Reached XP level 14. HP: 104/104 MP: 7/21
 24517 | Lair:7   | Reached skill level 13 in Fighting
 24545 | Lair:7   | Reached skill level 13 in Dodging
 25021 | Lair:7   | Reached skill level 9 in Armour
 26426 | D:13     | Found a frozen archway.
 26526 | IceCv    | Entered an ice cave
 26526 | IceCv    | Noticed pk666's ghost (journeyman MiBe)
 26889 | D:13     | Noticed a frost giant
 27555 | D:14     | Noticed chonchonts's ghost (journeyman MiFi)
 27576 | D:14     | Killed chonchonts's ghost
 27752 | D:14     | Reached skill level 14 in Dodging
 28134 | D:13     | Killed a frost giant
 28134 | D:13     | Reached skill level 10 in Armour
 28464 | D:13     | Reached XP level 15. HP: 112/112 MP: 7/22
 28620 | D:13     | Found a gate to the Vaults.
 28664 | D:13     | Reached skill level 14 in Fighting
 28738 | D:13     | Noticed a sphinx
 28751 | D:13     | Killed a sphinx
 28818 | D:13     | Noticed a shadow dragon
 28836 | D:13     | Killed a shadow dragon
 30137 | D:15     | Entered Level 15 of the Dungeon
 30272 | D:15     | Found a staircase to the Depths.
 30654 | D:15     | Reached skill level 11 in Armour
 31040 | D:15     | Reached skill level 15 in Dodging
 32346 | Lair:8   | Entered Level 8 of the Lair of Beasts
 32787 | Lair:8   | Reached skill level 15 in Fighting
 32918 | Lair:8   | Got a slimy jade amulet
 32919 | Lair:8   | Identified the amulet of the Firefly {rF+ Regen+ Str+3 SInv} (You found it on level 8 of the Lair of Beasts)
 33203 | Lair:8   | Noticed an acid blob
 33402 | Lair:8   | Reached XP level 16. HP: 122/122 MP: 7/23
 33457 | Lair:8   | Killed an acid blob
 33968 | Lair:8   | Got a crude turquoise ring
 33969 | Lair:8   | Identified the ring "Myizoerch" {Dex+3 Stlth-} (You found it on level 8 of the Lair of Beasts)
 34392 | Orc:1    | Entered Level 1 of the Orcish Mines
 34392 | Orc:1    | Noticed Erolcha
 34395 | Orc:1    | Noticed Fannar
 34415 | D:9      | Killed Fannar
 34442 | Orc:1    | Killed Erolcha
 34482 | Orc:1    | Found a flagged portal.
 34506 | Bailey   | Entered a bailey
 34621 | Bailey   | Got a polished ring mail
 34632 | Bailey   | Got a slimy chain mail
 34955 | Orc:1    | Reached skill level 12 in Armour
 35676 | Orc:2    | Entered Level 2 of the Orcish Mines
 35676 | Orc:2    | Found Jipreuma's Assorted Antiques.
 35679 | Orc:2    | Found Narghus's General Store.
 35703 | Orc:2    | Found a staircase to the Elven Halls.
 35783 | Orc:2    | Found Umpocupp's Assorted Antiques.
 35925 | Orc:2    | Paralysed by an orc sorcerer for 2 turns
 35999 | Orc:2    | Found Danutuy's Gadget Emporium.
 36198 | Orc:2    | Found a radiant altar of Vehumet.
 36362 | Orc:2    | Found Madaysyda's Magic Scroll Boutique.
 36385 | Orc:2    | Found Fudiybia's Magic Scroll Shop.
 36428 | Orc:2    | Found an ancient bone altar of Kikubaaqudgha.
 36432 | Orc:2    | Paralysed by an orc sorcerer for 3 turns
 36575 | Orc:2    | Found a roughly hewn altar of Beogh.
 36575 | Orc:2    | Found Xusomey's Gadget Boutique.
 36580 | Orc:2    | Reached skill level 16 in Dodging
 36675 | Orc:2    | Found Abakagag's Antique Weapon Boutique.
 36825 | Orc:2    | Bought a scroll labeled YRYQUKIUNY for 33 gold pieces
 36853 | Orc:2    | Bought a pair of glowing gloves for 135 gold pieces
 36948 | Orc:2    | Bought a scroll of identify for 26 gold pieces
 36948 | Orc:2    | Bought a scroll of identify for 26 gold pieces
 36948 | Orc:2    | Bought a scroll of identify for 26 gold pieces
 36966 | Orc:2    | Bought a scroll of silence for 135 gold pieces
 36970 | Orc:2    | Bought a scroll of identify for 36 gold pieces
 36970 | Orc:2    | Bought a scroll of identify for 36 gold pieces
 36970 | Orc:2    | Bought a scroll of identify for 36 gold pieces
 36993 | Orc:2    | Bought a scroll of holy word for 97 gold pieces
 37085 | Orc:2    | Bought a tapered fluorescent wand for 120 gold pieces
 37090 | Orc:2    | Reached XP level 17. HP: 127/127 MP: 8/24
 37267 | Lair:1   | Identified the +6 ring mail "Suapp" {*Corrode rElec rPois Dex+3} (You found it in a bailey)
 37268 | Lair:1   | Identified the cursed +0 chain mail of Impatience {rPois Dex+4 Stlth+} (You found it in a bailey)
 37377 | Shoals:1 | Entered Level 1 of the Shoals
 38114 | Shoals:1 | Reached skill level 17 in Dodging
 38837 | Shoals:2 | Drowned by a drowned soul

Vault maps used:
D:1:      tarquinn_simple_flora_water_e
D:2:      serial_glass, glass_columns_c, glass_columns_a, uniq_robin,
          uniq_sigmund, uniq_jessica
D:3:      xom_redecorated, old_standard_altar, marbit_many_paths, first_bread
D:5:      minmay_temple_entry_large_hall, serial_bayou_pond_d, st_stairs_9,
          grunt_decor_mini_mirrors
D:6:      basic_altar, uniq_grinder, uniq_eustachio
D:7:      tso_altar, gammafunk_temple_overflow_elements, the_bakery,
          minivault_14, johnstein_pakellas_dig
D:8:      grunt_dithmenos_smoke, nicolae_ru_great_annihilating_truth,
          basic_altar
D:9:      david_orc_5, basic_altar
D:10:     serial_shops, nicolae_shop_competitors_out_of_business, basic_altar
D:11:     lair_0_dummy, basic_altar
D:13:     david_vaults_2, portal_ice_cave_entry_pillars_03,
          minmay_diamond_spiral
D:14:     nicolae_wwwww
D:15:     gammafunk_depths_entry_grave, serial_park_tiny_2, hangedman_aviary
Temple:   circular_temple_12
Lair:1:   st_stairs_8
Lair:2:   grunt_megastairs_2, bh_autumn_forest_stairs
Lair:3:   dummy_snake_entry, grunt_megastairs_1
Lair:4:   minmay_shoals_entry_hut, lemuel_fruit_tree
Lair:5:   dpeg_oklob_gauntlet, infiniplex_staircase_pool, serial_bayou_shore_a
Lair:8:   minmay_lair_end_frog_pond, minmay_slime_entry_oklob_enclosed
Orc:1:    enter_bailey_3, uniq_fannar, uniq_erolcha
Orc:2:    kennysheep_orc_mage_school, serial_shops, shop, shop, shop, shop,
          nicolae_orc_damp_corner
Bailey:   bailey_axe_1, bailey
IceCv:    ice_cave_statue_garden_02

Vanquished Creatures
  An acid blob
  A sphinx
  A shadow dragon
  A frost giant
  The ghost of chonchonts the Severer, a journeyman MiFi of Cheibriados
  The ghost of Duffy the Basher, a journeyman VSFi of Cheibriados
  A merfolk javelineer
  An ettin
  2 merfolk impalers
  The ghost of kroki the Nimble, a journeyman KoBe of Trog Fannar Erolcha
  An entropy weaver (shapeshifter)
  12 hydras
  3 catoblepae
  4 centaur warriors
  An alligator snapping turtle
  2 merfolk avatars
  3 death yaks
  4 tengu warriors
  An ogre mage
  A merfolk aquamancer
  An orc high priest
  A vampire mage
  7 hill giants
  3 sea snakes
  2 skeletal warriors
  2 unseen horrors
  A lindwurm
  A necromancer
  9 harpies
  3 orc knights
  7 griffons
  12 orc sorcerers
  4 deep elf magi
  4 cyclopes
  A stone giant zombie
  A wolf spider
  8 ugly things
  2 manticores
  8 black mambas
  A wizard
  22 elephants
  A water nymph
  23 spiny frogs
  A siren
  A fire giant skeleton
  3 torpor snails
  3 gargoyles
  2 fire drakes
  An efreet
  A komodo dragon (shapeshifter)
  A tengu conjurer
  11 komodo dragons
  5 yaktaurs
  6 trolls
  6 merfolk
  A freezing wraith
  2 wind drakes Grinder
  4 polar bears
  A wind drake (shapeshifter)
  11 slime creatures
  A giant leech
  32 blink frogs
  2 snapping turtles
  2 two-headed ogres
  A hornet zombie
  2 wraiths
  2 wyverns
  A shadow Sigmund
  An ice dragon skeleton
  4 water elementals
  A spriggan
  A wyvern (shapeshifter)
  3 basilisks
  41 yaks
  A hungry ghost
  14 hippogriffs
  A mottled dragon
  9 vampire mosquitoes
  23 wolves
  A warg
  The ghost of Duffy the Slasher, an amateur HESk of Makhleb
  A human zombie
  A soldier ant
  17 porcupines
  18 water moccasins
  2 wasps
  3 necrophages
  6 ice beasts
  4 phantoms
  23 centaurs
  6 black bears
  9 sky beasts
  17 orc warriors
  15 crocodiles
  19 ogres
  5 big kobolds
  2 eyes of draining
  45 giant frogs
  A water moccasin zombie
  A wyvern zombie
  5 scorpions
  4 killer bees
  5 wights
  8 electric eels
  2 quasits
  3 giant frog zombies
  3 crimson imps
  4 jellies
  13 orc priests
  14 iguanas
  5 hounds
  30 orc wizards Jessica
  3 centaur skeletons
  A giant frog skeleton
  13 worker ants
  25 sheep
  2 hound skeletons Robin
  6 gnolls
  11 adders
  60 river rats
  3 shadow imps
  An ooze
  2 adder skeletons
  2 adder zombies
  A worm
  90 orcs
  9 bats
  5 giant cockroaches
  23 goblins
  14 hobgoblins
  24 jackals
  35 kobolds
  8 quokkas
  3 giant geckos
  12 giant newts
  A quokka skeleton
  10 rats
  43 fungi
  23 plants
1098 creatures vanquished.
